 Dungeon Crawl Stone Soup version 0.17-a0-1650-gce8475a (webtiles) character file.

134 karlkraus the Shield-Bearer (level 4, -5/40 HPs)
             Began as a Minotaur Fighter on Aug 13, 2015.
             Killed by nerve-wracking pain
             ... invoked by Grinder
              (6 damage)
             ... on level 3 of the Dungeon.
             The game lasted 00:04:49 (1802 turns).

karlkraus the Shield-Bearer (Minotaur Fighter)      Turns: 1802, Time: 00:04:50

Health: -5/40      AC:  7    Str: 28    XL:     4   Next: 95%
Magic:  3/3        EV:  8    Int:  5    God:
Gold:   86         SH: 10    Dex: 11    Spells: 0 memorised, 3 levels left

rFire  . . .     SeeInvis .     a - +0 flail
rCold  . . .     Clarity  .     b - +0 scale mail
rNeg   . . .     SustAt   .     c - +0 shield
rPois  .         Gourm    .     (helmet restricted)
rElec  .         Spirit   .     (no cloak)
rCorr  .         Warding  .     (no gloves)
rMut   .         Stasis   .     (no boots)
MR     .....                    (no amulet)
Stlth  ..........               (no ring)
                                k - +3 ring of strength

@: mighty, not resistant to hostile enchantments, extremely unstealthy
A: retaliatory headbutt, horns 2
a: no special abilities


You were on level 3 of the Dungeon.
You were not hungry.

You visited 1 branch of the dungeon, and saw 3 of its levels.

You collected 86 gold pieces.

Inventory:

Hand weapons
 a - a +0 flail (weapon)
Armour
 b - a +0 scale mail (worn)
 c - a +0 shield (worn)
Jewellery
 k - a +3 ring of strength (left hand)
 t - a cursed -5 ring of protection {unknown}
Scrolls
 f - 2 scrolls of teleportation
 g - 2 scrolls of remove curse
 h - 3 scrolls of identify
 i - a scroll of random uselessness
 p - a scroll of amnesia {unknown}
 q - a scroll of recharging {unknown}
 s - a scroll of magic mapping {unknown}
Potions
 l - 2 potions of curing
 m - 2 potions of resistance
 o - a potion of degeneration {unknown}
 r - a potion of lignification {unknown}
Comestibles
 e - 2 bread rations
 j - 2 beef jerkies
 n - a royal jelly
 u - a chunk of flesh


   Skills:
 + Level 4.1 Fighting
 + Level 3.5 Maces & Flails
 + Level 4.3 Armour
 + Level 1.8 Dodging
 + Level 0.1 Stealth
 + Level 4.9 Shields


You had 3 spell levels left.
You didn't know any spells.

Dungeon Overview and Level Annotations

Branches:
Dungeon (3/15)

Altars:
Elyvilon
Gozag
Nemelex Xobeh
Trog

Annotations:
D:3 Grinder


Innate Abilities, Weirdness & Mutations

You reflexively headbutt those who attack you in melee.
You have a pair of horns on your head.


Message History

You closely miss Grinder. Your headbutt misses Grinder.
Grinder is moderately wounded.
Grinder hits you.
You writhe in agony.
* * * LOW HITPOINT WARNING * * *
You are too injured to fight recklessly!
You are too injured to fight recklessly!
You are too injured to fight recklessly!
You are too injured to fight recklessly!
You are too injured to fight recklessly!
Grinder hits you!
* * * LOW HITPOINT WARNING * * *
You writhe in agony. x2
You closely miss Grinder. Your headbutt misses Grinder.
Grinder is moderately wounded.
Grinder barely misses you. You furiously retaliate!
You headbutt Grinder! You closely miss Grinder.
Grinder is severely wounded.
Grinder gestures at you. Pain shoots through your body!
You die...

#....#..#.........
#....##.#........#
#....##.#........#
#....##.#........##
#######.#..........
#......#.....###
#.(.............
#...####(####.#
#... #...@.#
#...#...†5..#
#...#.......#
#......._.....
#_..#.......#.#
...#.......#.# ##
##.....## # ###.###


You could see Grinder.

Vanquished Creatures
  5 adders
  2 worms
  2 giant geckos (D:1)
  An orc (D:3)
  A ball python (D:2)
  9 bats
  6 giant cockroaches
  7 goblins
  7 hobgoblins
  12 jackals
  A quokka (D:2)
  4 giant newts
  11 kobolds
  10 rats
78 creatures vanquished.

Notes
Turn   | Place    | Note
--------------------------------------------------------------
     0 | D:1      | karlkraus the Minotaur Fighter began the quest for the Orb.
     0 | D:1      | Reached XP level 1. HP: 19/19 MP: 0/0
    74 | D:1      | Reached XP level 2. HP: 6/27 MP: 1/1
   436 | D:1      | Reached skill level 4 in Shields
   551 | D:1      | Reached XP level 3. HP: 30/33 MP: 2/2
   801 | D:2      | Found an opulent altar of Gozag.
   820 | D:2      | Reached skill level 1 in Dodging
   915 | D:2      | Reached XP level 4. HP: 30/40 MP: 3/3
  1741 | D:3      | Found a white marble altar of Elyvilon.
  1782 | D:3      | Found a sparkling altar of Nemelex Xobeh.
  1785 | D:3      | Found a bloodstained altar of Trog.
  1785 | D:3      | Noticed Grinder
  1800 | D:3      | HP: 1/40 [Grinder (8)]
  1802 | D:3      | Killed from afar by Grinder

Vault maps used:
D:1:      dpeg_arrival_tiny_g, serial_glass, glass_columns_a, glass_columns_a,
          glass_columns_a, glass_columns_b, glass_columns_a, glass_columns_c,
          glass_columns_b, glass_columns_a, serial_bayou_pond_d
D:2:      lemuel_crystal_altar
D:3:      old_standard_altar, nemelex_deck, elyvilon_altar_4,
          uniq_crazy_yiuf_cottage, uniq_grinder

Action                   |  1- 3 |  4- 6 || total
-------------------------+-------+-------++-------
Melee: Flail             |   101 |    79 ||   180
  Use: Scroll            |       |     5 ||     5
       Potion            |       |     1 ||     1
  Eat: Chunk             |       |     3 ||     3
